PAA
CASPER GHOSTS @ MINNESOTA LOONS
08/18/2034
 
TOP OF THE 1ST
Casper Ghosts batting - Pitching for Minnesota Loons : LHP Ángel Flores
Pitching: LHP Ángel Flores
Batting: RHB Armando Pacheco 0-0: Called Strike
0-1: Foul Ball, location: 2F
0-2: Foul Ball, location: 2F
0-2: Fly out, F9 (Line Drive, 9S)
Batting: RHB Steve Weber 0-0: Fly out, F9 (Line Drive, 9LS)
Batting: RHB Jur Prokop 0-0: Ball
1-0: Fly out, F9 (Flyball, 89M)
Top of the 1st over - 0 runs, 0 hits, 0 errors, 0 left on base; Casper 0 - Minnesota 0
BOTTOM OF THE 1ST
Minnesota Loons batting - Pitching for Casper Ghosts : RHP Huibrecht Bik
Pitching: RHP Huibrecht Bik
Batting: SHB Esteban Piñeiro 0-0: Ball
1-0: Bunt missed!
1-1: Ground out 4-3 (Groundball, 34D)
Batting: RHB Héctor Espiga 0-0: Ball
1-0: Ball
2-0: Called Strike
2-1: Called Strike
2-2: Ground out U3 (Groundball, 34)
Batting: LHB Kevin de Bruyne 0-0: Called Strike
0-1: Foul Ball, location: 2F
0-2: Ball
1-2: SINGLE (Line Drive, 34D)
Batting: LHB José Román 0-0: Foul Ball, location: 2F
0-1: Ball
1-1: Ball
2-1: Ball
3-1: Foul Ball, location: 2F
3-2: Fly out, F4 (Line Drive, 4)
Bottom of the 1st over - 0 runs, 1 hit, 0 errors, 1 left on base; Casper 0 - Minnesota 0
TOP OF THE 2ND
Casper Ghosts batting - Pitching for Minnesota Loons : LHP Ángel Flores
Batting: RHB Jeff Mouton 0-0: Called Strike
0-1: Swinging Strike
0-2: Ball
1-2: Ball
2-2: Ground out 6-3 (Groundball, 6)
Batting: LHB Marcus Shill 0-0: Called Strike
0-1: Ball
1-1: SINGLE (Popup, 6D)
Batting: LHB Badry Maksimenov 0-0: Ball
Marcus Shill is caught stealing 2nd base
1-0: Swinging Strike
1-1: Ball
2-1: Called Strike
2-2: Strikes out swinging
Top of the 2nd over - 0 runs, 1 hit, 0 errors, 0 left on base; Casper 0 - Minnesota 0
BOTTOM OF THE 2ND
Minnesota Loons batting - Pitching for Casper Ghosts : RHP Huibrecht Bik
Batting: LHB Sergio Cruz 0-0: Ball
1-0: Foul Ball, location: 2F
1-1: DOUBLE (Groundball, 3L)
Batting: RHB Augusto Manuel 0-0: SINGLE (Line Drive, 6MD)
Sergio Cruz to third
Batting: RHB Raúl Maradona 0-0: Called Strike
0-1: Ball
1-1: Called Strike
1-2: SINGLE (Line Drive, 9LS)
Sergio Cruz scores
Augusto Manuel to second
Runner from 2nd tries for 3rd, SAFE, no throw
Batting: RHB Tabor Muzquiz 0-0: Foul Ball, location: 2F
0-1: Foul Ball, location: 2F
0-2: Strikes out looking
Batting: LHB Atro Jarvilehto 0-0: Foul Ball, location: 2F
0-1: Ball
1-1: Ball
2-1: Foul Ball, location: 2F
2-2: Foul Ball, location: 2F
2-2: Fly out, F8 (Flyball, 8LM)
Runner from 3rd tags up, SCORES, throw made
Batting: SHB Esteban Piñeiro 0-0: Ball
1-0: Ball
2-0: Ball
3-0: Base on Balls
Raúl Maradona to second
Batting: RHB Héctor Espiga 0-0: Ball
1-0: Called Strike
1-1: Fielders Choice at 2nd, 5-4 (Groundball, 5L)
Bottom of the 2nd over - 2 runs, 3 hits, 0 errors, 2 left on base; Casper 0 - Minnesota 2
TOP OF THE 3RD
Casper Ghosts batting - Pitching for Minnesota Loons : LHP Ángel Flores
Batting: LHB Ronald Anderson 0-0: Ball
1-0: Ball
2-0: Foul Ball, location: 2F
2-1: Ball
3-1: Base on Balls
Batting: RHB José Reyes 0-0: Ball
1-0: Called Strike
1-1: Called Strike
1-2: Ball
2-2: Strikes out swinging
Batting: RHB Tatsui Kiyomizu 0-0: Ball
1-0: Ball
2-0: Foul Ball, location: 2F
2-1: Ball
3-1: Called Strike
3-2: Fly out, F7 (Flyball, 78M)
Batting: RHB Armando Pacheco Pickoff Throw to First - Out!
Top of the 3rd over - 0 runs, 0 hits, 0 errors, 0 left on base; Casper 0 - Minnesota 2
BOTTOM OF THE 3RD
Minnesota Loons batting - Pitching for Casper Ghosts : RHP Huibrecht Bik
Batting: LHB Kevin de Bruyne 0-0: Fly out, F9 (Line Drive, 89M)
Batting: LHB José Román 0-0: Foul Ball, location: 2F
0-1: Ball
1-1: Fly out, F8 (Line Drive, 89M)
Batting: LHB Sergio Cruz 0-0: Swinging Strike
0-1: Ball
1-1: Ground out 4-3 (Groundball, 4)
Bottom of the 3rd over - 0 runs, 0 hits, 0 errors, 0 left on base; Casper 0 - Minnesota 2
TOP OF THE 4TH
Casper Ghosts batting - Pitching for Minnesota Loons : LHP Ángel Flores
Batting: RHB Armando Pacheco 0-0: Ball
1-0: Swinging Strike
1-1: Fly out, F8 (Line Drive, 89M)
Batting: RHB Steve Weber 0-0: Ball
1-0: Ball
2-0: Ball
3-0: Foul Ball, location: 2F
3-1: Base on Balls
Batting: RHB Jur Prokop 0-0: Ball
1-0: Fly out, F9 (Flyball, 89M)
Batting: RHB Jeff Mouton 0-0: Ball
Wild Pitch!
Steve Weber to second
1-0: Ball
2-0: Foul Ball, location: 2F
2-1: Ground out 6-3 (Groundball, 6M)
Top of the 4th over - 0 runs, 0 hits, 0 errors, 1 left on base; Casper 0 - Minnesota 2
BOTTOM OF THE 4TH
Minnesota Loons batting - Pitching for Casper Ghosts : RHP Huibrecht Bik
Batting: RHB Augusto Manuel 0-0: Ball
1-0: Foul Ball, location: 2F
1-1: Foul Ball, location: 2F
1-2: Ground out 5-3 (Groundball, 56)
Batting: RHB Raúl Maradona 0-0: Ball
1-0: Ground out 1-3 (Groundball, 13)
Batting: RHB Tabor Muzquiz 0-0: Ball
1-0: Foul Ball, location: 2F
1-1: Ball
2-1: Foul Ball, location: 2F
2-2: Foul Ball, location: 2F
2-2: Foul Ball, location: 2F
2-2: Ball
3-2: Strikes out swinging
Bottom of the 4th over - 0 runs, 0 hits, 0 errors, 0 left on base; Casper 0 - Minnesota 2
TOP OF THE 5TH
Casper Ghosts batting - Pitching for Minnesota Loons : LHP Ángel Flores
Batting: LHB Marcus Shill 0-0: Called Strike
0-1: Ball
1-1: Swinging Strike
1-2: Strikes out looking
Batting: LHB Badry Maksimenov 0-0: Ground out 6-3 (Groundball, 6M)
Batting: LHB Ronald Anderson 0-0: Ball
1-0: Foul Ball, location: 2F
1-1: Foul Ball, location: 2F
1-2: Ground out 6-3 (Groundball, 6S)
Top of the 5th over - 0 runs, 0 hits, 0 errors, 0 left on base; Casper 0 - Minnesota 2
BOTTOM OF THE 5TH
Minnesota Loons batting - Pitching for Casper Ghosts : RHP Huibrecht Bik
Batting: LHB Atro Jarvilehto 0-0: Ball
1-0: Ball
2-0: Fly out, F7 (Line Drive, 7)
Batting: SHB Esteban Piñeiro 0-0: Called Strike
0-1: Ground out 6-3 (Groundball, 6)
Batting: RHB Héctor Espiga 0-0: Called Strike
0-1: Swinging Strike
0-2: Ground out 5-3 (Groundball, 5)
Bottom of the 5th over - 0 runs, 0 hits, 0 errors, 0 left on base; Casper 0 - Minnesota 2
TOP OF THE 6TH
Casper Ghosts batting - Pitching for Minnesota Loons : LHP Ángel Flores
Batting: RHB José Reyes 0-0: Ball
1-0: Ball
2-0: Ball
3-0: Called Strike
3-1: Foul Ball, location: 2F
3-2: Strikes out swinging
Batting: RHB Tatsui Kiyomizu 0-0: Swinging Strike
0-1: Ball
1-1: Swinging Strike
1-2: Strikes out swinging
Batting: RHB Armando Pacheco 0-0: Called Strike
0-1: Ball
1-1: Foul Ball, location: 2F
1-2: Ball
2-2: Foul Ball, location: 2F
2-2: Ball
3-2: Base on Balls
Batting: RHB Steve Weber 0-0: Ball
1-0: Swinging Strike
1-1: Ball
2-1: Foul Ball, location: 2F
2-2: Foul Ball, location: 2F
2-2: Foul Ball, location: 2F
2-2: Foul Ball, location: 2F
2-2: Fielders Choice at 2nd, 6-4 (Groundball, 6)
Top of the 6th over - 0 runs, 0 hits, 0 errors, 1 left on base; Casper 0 - Minnesota 2
BOTTOM OF THE 6TH
Minnesota Loons batting - Pitching for Casper Ghosts : RHP Huibrecht Bik
Batting: LHB Kevin de Bruyne 0-0: Foul Ball, location: 2F
0-1: Ball
1-1: Foul Ball, location: 2F
1-2: Ground out 4-3 (Groundball, 4S)
Batting: LHB José Román 0-0: Called Strike
0-1: Ball
1-1: Called Strike
1-2: Foul Ball, location: 2F
1-2: Ball
2-2: Fly out, F7 (Flyball, 7D)
Batting: LHB Sergio Cruz 0-0: Ball
1-0: Ball
2-0: Swinging Strike
2-1: Called Strike
2-2: Fly out, F7 (Flyball, 78M)
Bottom of the 6th over - 0 runs, 0 hits, 0 errors, 0 left on base; Casper 0 - Minnesota 2
TOP OF THE 7TH
Casper Ghosts batting - Pitching for Minnesota Loons : LHP Ángel Flores
Batting: RHB Jur Prokop 0-0: Ball
1-0: Ground out 6-3 (Groundball, 6)
Batting: RHB Jeff Mouton 0-0: Called Strike
0-1: SINGLE (Line Drive, 7S)
Batting: LHB Marcus Shill 0-0: Ball
Jeff Mouton is caught stealing 2nd base
1-0: Fly out, F9 (Flyball, 89S)
Top of the 7th over - 0 runs, 1 hit, 0 errors, 0 left on base; Casper 0 - Minnesota 2
BOTTOM OF THE 7TH
Minnesota Loons batting - Pitching for Casper Ghosts : RHP Huibrecht Bik
Pitching: LHP Geoffroy Cadaloba
Batting: RHB Augusto Manuel 0-0: Swinging Strike
0-1: Foul Ball, location: 2F
0-2: Strikes out swinging
Batting: RHB Raúl Maradona 0-0: Ball
1-0: Called Strike
1-1: Ball
2-1: Ball
3-1: Called Strike
3-2: Base on Balls
Batting: RHB Tabor Muzquiz 0-0: Ball
1-0: Ball
2-0: Foul Ball, location: 2F
2-1: Called Strike
2-2: Ball
3-2: Strikes out swinging
Batting: LHB Atro Jarvilehto 0-0: Ball
1-0: Called Strike
1-1: SINGLE (Line Drive, 3D)
Raúl Maradona to second
Runner from 2nd tries for 3rd, SAFE, throw made to third
Batting: SHB Esteban Piñeiro 0-0: Foul Ball, location: 2F
0-1: Ground out 5-3 (Groundball, 56S)
Bottom of the 7th over - 0 runs, 1 hit, 0 errors, 2 left on base; Casper 0 - Minnesota 2
TOP OF THE 8TH
Casper Ghosts batting - Pitching for Minnesota Loons : LHP Ángel Flores
Batting: LHB Badry Maksimenov 0-0: Ball
1-0: Called Strike
1-1: Foul Ball, location: 2F
1-2: Ball
2-2: Ball
3-2: Foul Ball, location: 2F
3-2: Ground out 3-1 (Groundball, 34)
Batting: LHB Ronald Anderson 0-0: Foul Ball, location: 2F
0-1: Ball
1-1: Swinging Strike
1-2: Ball
2-2: Ball
3-2: Fly out, F9 (Flyball, 89D)
Batting: RHB José Reyes 0-0: Ball
1-0: Ball
2-0: Called Strike
2-1: Foul Ball, location: 2F
2-2: Strikes out swinging
Top of the 8th over - 0 runs, 0 hits, 0 errors, 0 left on base; Casper 0 - Minnesota 2
BOTTOM OF THE 8TH
Minnesota Loons batting - Pitching for Casper Ghosts : LHP Geoffroy Cadaloba
Batting: RHB Héctor Espiga 0-0: Ball
1-0: Foul Ball, location: 2F
1-1: Ground out 5-3 (Groundball, 5)
Batting: LHB Kevin de Bruyne 0-0: Called Strike
0-1: Ball
1-1: Swinging Strike
1-2: Fly out, F4 (Line Drive, 4)
Batting: LHB José Román 0-0: Called Strike
0-1: Called Strike
0-2: Foul Ball, location: 2F
0-2: Foul Ball, location: 2F
0-2: Ground out 4-3 (Groundball, 34D)
Bottom of the 8th over - 0 runs, 0 hits, 0 errors, 0 left on base; Casper 0 - Minnesota 2
TOP OF THE 9TH
Casper Ghosts batting - Pitching for Minnesota Loons : LHP Ángel Flores
Pitching: RHP Ainanani Oliwa
Batting: RHB Tatsui Kiyomizu 0-0: Ball
1-0: Fly out, F9 (Flyball, 9LSF)
Batting: RHB Armando Pacheco 0-0: Called Strike
0-1: Ball
1-1: Foul Ball, location: 2F
1-2: Ball
2-2: Ball
3-2: Fly out, F3 (Popup, 3F)
Batting: RHB Steve Weber 0-0: Ball
1-0: Ball
2-0: Foul Ball, location: 2F
2-1: Foul Ball, location: 2F
2-2: Ball
3-2: Fly out, F9 (Flyball, 9LD)
Top of the 9th over - 0 runs, 0 hits, 0 errors, 0 left on base; Casper 0 - Minnesota 2
Friday, March 29th, 2019 - OOTP Baseball 18.8 Build 76